AoeStats
← David Cerati

Arabia

509224131Analyzed
1v1 RM · 7d ago on Sep 26, 2026· 52m 0s· 2 players
Game mode
Random Map
Map size
Tiny (2 player)
Population
200
Speed
Normal
Resources
Standard
Victory
Conquest
Starting age
Dark Age
Ending age
Imperial Age
RankedLock teamsTeams togetherTeam positionsShared explorationLock speedFull tech treeHidden civsTurbo modeCheats
Victory
Defeat
🇨🇴 Mongols · Colombia
808
+15
🇨🇱 Turks · Chile
788
-15
David Cerati
10:41 Feudal Age
13:07 Padded Archer Armor
17:56 Double-Bit Axe
19:18 Town Watch
21:14 Fletching
23:46 Scale Mail Armor
23:56 Forging
25:30 Horse Collar
28:28 Forging
29:18 Wheelbarrow
32:21 Castle Age
30:54 Gold Mining
34:25 Wheelbarrow
34:17 Squires
37:03 Heavy Plow
37:28 Bow Saw
43:00 Murder Holes
43:26 Ballistics
47:15 Imperial Age
46:04 Husbandry
46:14 Bloodlines
47:29 Town Patrol
47:44 Hand Cart
48:12 Bloodlines
47:59 Capped Ram
49:25 Parthian Tactics
48:54 Loom
50:02 Bodkin Arrow
51:51 Leather Archer Armor
xbr
11:06 Feudal Age
9:24 Loom
16:16 Bloodlines
19:35 Scale Barding Armor
22:19 Forging
25:41 Castle Age
23:29 Double-Bit Axe
23:33 Horse Collar
23:47 Gold Mining
23:50 Stone Mining
25:43 Fletching
26:18 Light Cavalry
26:58 Husbandry
27:55 Bodkin Arrow
29:18 Padded Archer Armor
31:59 Leather Archer Armor
32:01 Bow Saw
32:33 Wheelbarrow
35:07 Thumb Ring
35:12 Gold Mining
35:57 Stone Shaft Mining
40:10 Imperial Age
38:33 Heavy Plow
38:57 Hand Cart
39:49 Gold Shaft Mining
41:30 Conscription
41:25 Town Watch
42:52 Parthian Tactics
42:57 Elite Mangudai
45:09 Chemistry
43:41 Capped Ram
46:24 Drill
47:49 Bracer
49:13 Chain Barding Armor
49:29 Iron Casting
48:24 Siege Ram
49:47 Hoardings
50:48 Ballistics
50:23 Murder Holes
50:34 Siege Engineers
50:40 Masonry
Connection lost

Rejoining the realm…

Still unreachable

The connection could not be restored.

Session expired

The server has moved on; the page needs a fresh start.